cohdb
Replays
Latest Replays
All Replays
Popular Replays
Top Player Replays
Match Explorer
How It Works
Community
CoH3 Stats
Reddit
Sign in to upload your games and track your stats! →
Sign in with Steam
Match 39064262
Unlisted
Match 39064262
Overview
Messages
Build Orders
End
Construct Weapon Support Center
Selects Special Operations Battlegroup
Selects M29 Weasel Recon Vehicle
M29 Weasel Recon Vehicle
M1919 Machine Gun Team
Bazooka Squad
M1919 Machine Gun Team
Infantry Support Center
M3 Armored Personnel Carrier
Selects Raiding Flares
Selects SSF Commando Squad
SSF Commando Squad
Construct Medical Station
SSF Commando Squad
Improved M9 Bazooka Rockets
Raiding Flares
Construct Tank Depot
Engineer Squad
Raiding Flares
M4(105) Sherman Bulldozer
Selects Mark Vehicle
Selects Assault Operation
M18 Hellcat Tank Destroyer
Raiding Flares
M18 Hellcat Tank Destroyer
Munitions Surplus
Raiding Flares
SSF Commando Squad
Raiding Flares
Survival Training
Advanced Logistics
Raiding Flares
M18 Hellcat Tank Destroyer
Dahlian
Random_Target
Turtleboy
Kenan
✠KREUZZUG✠
ImNotProPlayerr
0
0
Comments
sign in to comment!
No comments posted yet!